 Dungeon Crawl Stone Soup version 0.19-a0-1905-ge8b2aad (webtiles) character file.

21 Naow the Sneak (level 2, -1/13 HPs)
             Began as a Spriggan Enchanter on Oct 21, 2016.
             Slain by a hobgoblin
             ... wielding a +0 club
              (4 damage)
             ... on level 1 of the Dungeon.
             The game lasted 00:02:02 (591 turns).

Naow the Sneak (Spriggan Enchanter)                  Turns: 591, Time: 00:02:02

Health: -1/13      AC:  3    Str:  4    XL:     2   Next: 65%
Magic:  5/7        EV: 18    Int: 16    God:
Gold:   84         SH:  0    Dex: 16    Spells: 2 memorised, 4 levels left

rFire  . . .     SeeInvis +     a - +1 dagger
rCold  . . .     Gourm    .     b - +1 robe
rNeg   . . .     Faith    .     (shield restricted)
rPois  .         Spirit   .     (helmet restricted)
rElec  .         Reflect  .     (no cloak)
rCorr  .         Harm     .     (gloves unavailable)
MR     .....                    (boots unavailable)
Stlth  +++.......               (no amulet)
                                (no ring)
                                i - ring of flight

@: very quick
A: unfitting armour, see invisible, herbivore 3, speed 3, slow metabolism 2
a: Evoke Flight


You were on level 1 of the Dungeon.
You were not hungry.

You visited 1 branch of the dungeon, and saw 1 of its levels.

You collected 84 gold pieces.

Inventory:

Hand Weapons
 a - a +1 dagger (weapon)
Armour
 b - a +1 robe (worn)
Jewellery
 i - a ring of flight (left hand)
Scrolls
 g - a scroll of remove curse {unknown}
 h - a scroll of enchant weapon {unknown}
 j - a scroll of immolation {unknown}
 k - a scroll of blinking {unknown}
Potions
 e - a potion of haste {unknown}
 f - a potion of ambrosia {unknown}
 l - a potion of curing {unknown}
Books
 c - a book of Maledictions

   Spells                             Type                      Level
   a - Corona                         Hexes                        1
   b - Ensorcelled Hibernation        Hexes/Ice                    2
   c - Confuse                        Hexes                        3
   d - Tukima's Dance                 Hexes                        3
   e - Dazzling Spray                 Conjuration/Hexes            3
Comestibles
 d - 2 bread rations


   Skills:
 - Level 1.1 Short Blades
 - Level 3.0 Dodging
 - Level 4.4 Stealth
 + Level 3.4 Spellcasting
 + Level 4.3 Hexes


You had 4 spell levels left.
You knew the following spells:

 Your Spells              Type           Power        Failure   Level  Hunger
a - Corona                Hex            ###....      3%          1    None
b - Ensorcelled Hibernat  Hex/Ice        #.....       12%         2    ##.....


Dungeon Overview and Level Annotations

Branches:
Dungeon (1/15)

Altars:


Innate Abilities, Weirdness & Mutations

You are very small and have problems with some larger weapons.
You are too small for most types of armour.
You have supernaturally acute eyesight. (SInv)
You are a herbivore.
You cover ground extremely quickly.
You need consume almost no food.


Message History

A bat comes into view.
Found a ring mail.
The hobgoblin shouts!
The bat closely misses you. The bat barely misses you.
You hit the bat but do no damage. The bat hits you but does no damage.
The bat misses you.
You hit the hobgoblin but do no damage. The bat hits you.
The bat closely misses you. The hobgoblin hits you with a club!
Ouch! That really hurt!
* * * LOW HITPOINT WARNING * * *
You are too injured to fight recklessly!
Casting: Ensorcelled Hibernation
Confirm with . or Enter, or press ? or * to list all spells.
Aiming: Ensorcelled Hibernation
Press: ? - help, Shift-Dir - straight line, f - hobgoblin
Aim: a hobgoblin, wielding a club and wearing a ring mail (chance to defeat MR: 58%)
The hobgoblin resists with significant effort.
The bat barely misses you. The bat closely misses you.
The hobgoblin hits you with a club.
You die...

.##.....## .........#.##
##(#8≈8#.# .........#..#
##.#≈≈≈#.# .........##.#
##.#8≈8#.# ####....#...#
##.#≈≈≈#.#.
............#
#.#8≈8#.#..
##.####...#.#
##.....##...##
##>..####.#...#
##.<.###.....###...#
#....###.# #####
#..##.g@b[..###.#.......
........######..#.......
#.##........#..##.......
.. ####.#...............
#######.
##.#.#####.........
#......
###..........#.......
#....#
#.†...########......)
#..).# ###.#......#
#....... #....#
##...#..###.# #.......


You could see a hobgoblin and a bat.

Vanquished Creatures
  A dart slug (D:1)
  3 leopard geckos (D:1)
  A giant cockroach (D:1)
  A goblin (D:1)
  A hobgoblin (D:1)
  4 jackals (D:1)
  A kobold (D:1)
  3 rats (D:1)
15 creatures vanquished.

Notes
Turn   | Place    | Note
-------+----------+-------------------------------------------
     0 | D:1      | Naow the Spriggan Enchanter began the quest for the Orb.
     0 | D:1      | Reached XP level 1. HP: 9/9 MP: 5/5
   157 | D:1      | Reached XP level 2. HP: 6/13 MP: 7/7
   172 | D:1      | Learned a level 2 spell: Ensorcelled Hibernation
   591 | D:1      | Slain by a hobgoblin

Vault maps used:
D:1:      lightli_arrival_statue_moat

Skill      XL: |  1 |
---------------+----+-----
Spellcasting   | 3 |  3.4
Hexes          | 4 |  4.3
Short Blades   | |  1.1
Dodging        | |  3.0
Stealth        | |  4.4

Action                   || total
-------------------------++-------
Melee: Dagger            ||    83
 Cast: Ensorcelled Hiber ||     4
 Stab: Sleeping          ||     5
       Distracted        ||     1
Armor: Robe              ||    13
Dodge: Dodged            ||    80
